Map: Galactic Process LE

Players

aLive

  • Race: Terran Terran

SortOf - Winner!

  • Race: Zerg Zerg
  • League: Grandmaster

VOD

Have the link to the VOD?

Description

Time

  • Played on: Oct. 30, 2016, 8:59 a.m.
  • Length: 9:44
Show
View Real Time Build Order
Export as new Build Order

aLive Terran 

Build Orders: Reaper Expand, MMM Bio 

Get SALT Encoding   

  12  0:00  SCV  
  13  0:13  SCV  
  14  0:17  Supply Depot  
  14  0:25  SCV  
  15  0:28  Refinery  
  15  0:38  SCV  
  16  0:45  Barracks  
  16  0:51  SCV  
  17  1:03  SCV  
  18  1:15  SCV  
  19  1:32  Reaper, Orbital Command  
  20  1:44  Command Center, Unknown  
  20  1:54  Factory  
  20  1:58  SCV  
  21  2:06  Barracks Reactor  
  21  2:10  SCV  
  21  2:15  Supply Depot  
  22  2:22  SCV  
  23  2:36  SCV  
  24  2:48  SCV, Starport, Hellion x2  
  29  2:52  Marine  
  29  2:55  Unknown  
  29  2:56  Orbital Command  
  30  3:01  SCV  
  31  3:09  Hellion x2  
  31  3:10  Marine  
  36  3:13  SCV  
  37  3:23  SCV  
  37  3:25  Viking  
  40  3:33  SCV, Supply Depot  
  41  3:35  SCV  
  41  3:38  Marine x2, Widow Mine  
  45  3:48  SCV  
  45  3:54  SCV, Command Center, Unknown  
  47  4:03  SCV  
  47  4:05  Marine  
  47  4:06  Marine  
  47  4:07  SCV, Medivac, Hellion  
  47  4:13  Engineering Bay  
  47  4:15  Engineering Bay  
  47  4:20  SCV x2, Supply Depot  
  49  4:24  Refinery  
  49  4:26  Marine x2  
  49  4:30  Factory Tech Lab  
  51  4:36  SCV x2  
  53  4:45  Refinery  
  53  4:46  Refinery  
  53  4:54  SCV x2  
  53  4:56  Barracks  
  53  4:57  Factory Reactor  
  53  4:58  Barracks, Marine  
  53  4:59  Stimpack  
  56  5:05  Unknown  
  56  5:06  SCV x2  
  58  5:13  SCV  
  59  5:18  SCV  
  59  5:20  Marine  
  54  5:21  Starport Reactor  
  54  5:22  SCV  
  54  5:25  SCV, Terran Infantry Weapons Level 1  
  55  5:29  Terran Infantry Armor Level 1, Barracks  
  55  5:31  Barracks, Orbital Command  
  55  5:34  SCV  
  56  5:37  SCV  
  57  5:43  Factory Reactor  
  57  5:46  SCV  
  57  5:47  Marine x2  
  57  5:49  SCV  
  61  5:53  Marine  
  61  5:54  Marine x2  
  62  5:58  SCV  
  62  6:01  SCV  
  62  6:02  Supply Depot  
  64  6:05  Marine  
  64  6:06  Medivac  
  64  6:07  Medivac  
  64  6:08  Supply Depot x2  
  64  6:09  Marine  
  64  6:10  SCV x2  
  72  6:13  SCV  
  72  6:17  Barracks Reactor  
  73  6:19  Barracks Reactor  
  73  6:22  SCV  
  73  6:24  Widow Mine x2  
  73  6:25  Marine x4  
  80  6:28  SCV x2  
  80  6:30  Supply Depot  
  80  6:32  Supply Depot  
  84  6:34  SCV, Armory  
  85  6:42  Supply Depot x2  
  85  6:48  Marine x5  
  85  6:49  Medivac x2  
  85  6:53  SCV x3  
  97  6:54  Marine x2  
  99  7:06  Combat Shields  
  97  7:09  Barracks x2  
  97  7:12  Barracks  
  97  7:16  Marine x4  
  97  7:17  Marine x5  
  106  7:24  Terran Infantry Armor Level 2, Terran Infantry Weapons Level 2  
  106  7:33  Supply Depot x2  
  106  7:34  Supply Depot  
  95  7:44  Marine  
  95  7:45  Marine x7  
  95  7:46  Marine  
  95  7:50  Medivac x2, Widow Mine x2  
  112  7:54  SCV x3  
  112  7:58  Supply Depot  
  115  8:04  Barracks Tech Lab x2, Barracks Reactor  
  115  8:18  Marauder, Marine x8  
  124  8:28  Widow Mine  
  124  8:29  Marauder x2, Medivac x2, Widow Mine  
  124  8:30  Concussive Shells  
  136  8:42  Refinery  
  136  8:44  Supply Depot, Refinery  
  136  8:53  Marauder x3, Marine x7  
  137  9:08  Command Center, Unknown, Marine x3  
  137  9:11  Marine  
  137  9:14  Marauder  
  137  9:15  Marauder x2  
  115  9:26  Marine x8  
Show
View Real Time Build Order
Export as new Build Order

SortOf Zerg - Winner!

Build Orders: Hatch First 

Get SALT Encoding   

  12  0:00  Drone  
  13  0:12  Overlord  
  13  0:17  Drone  
  14  0:30  Drone  
  14  0:31  Drone  
  14  0:35  Drone  
  17  0:52  Unknown, Hatchery  
  17  0:56  Drone  
  17  1:00  Drone  
  18  1:04  Extractor  
  17  1:14  Spawning Pool  
  17  1:17  Drone  
  17  1:21  Drone  
  18  1:28  Drone  
  19  1:38  Overlord  
  19  1:49  Drone  
  20  2:01  Queen  
  20  2:02  Zergling x2  
  20  2:03  Unknown  
  20  2:04  Queen  
  20  2:05  Zergling x2  
  20  2:08  Metabolic Boost  
  26  2:12  Zergling x2  
  26  2:15  Drone  
  28  2:22  Drone  
  29  2:30  Drone  
  29  2:36  Queen  
  30  2:38  Overlord  
  32  2:46  Pneumatized Carapace  
  32  2:48  Overlord  
  32  2:51  Drone  
  32  2:52  Drone  
  34  3:04  Drone x2  
  36  3:10  Drone x3  
  36  3:12  Drone  
  40  3:14  Drone x3  
  40  3:17  Zergling x2  
  44  3:30  Drone  
  45  3:37  Unknown, Hatchery, Drone  
  45  3:39  Drone  
  46  3:44  Queen  
  46  3:47  Zergling x6  
  51  3:51  Drone  
  51  3:54  Overlord  
  51  4:07  Spore Crawler  
  51  4:09  Overlord  
  48  4:11  Spore Crawler, Overlord  
  47  4:19  Queen  
  47  4:23  Evolution Chamber  
  48  4:24  Drone x2  
  48  4:26  Evolution Chamber  
  48  4:28  Drone x2  
  51  4:33  Drone x3  
  51  4:37  Drone x2  
  56  4:42  Overlord  
  56  4:48  Unknown  
  56  4:49  Zergling x10  
  61  4:53  Zerg Ground Armor Level 1  
  61  5:00  Queen, Zerg Melee Weapons Level 1  
  61  5:03  Drone  
  61  5:04  Drone  
  65  5:08  Drone  
  65  5:10  Baneling Nest, Drone  
  65  5:11  Drone  
  67  5:23  Drone x6  
  67  5:26  Drone x3  
  76  5:29  Spore Crawler  
  76  5:33  Drone  
  76  5:34  Drone x3  
  79  5:37  Lair  
  79  5:39  Drone x2  
  79  5:42  Overlord  
  80  5:54  Drone  
  80  5:56  Overlord  
  81  6:02  Extractor x2  
  81  6:03  Drone x4  
  83  6:05  Extractor  
  83  6:10  Unknown, Hatchery  
  81  6:13  Overlord x2  
  81  6:16  Queen  
  81  6:18  Unknown, Hatchery  
  82  6:19  Zergling x6  
  82  6:20  Baneling x3  
  82  6:24  Zergling x2  
  86  6:29  Zergling x6  
  89  6:35  Centrifical Hooks  
  89  6:41  Zergling x24  
  101  6:58  Overlord x4  
  101  6:59  Drone x3  
  104  7:02  Zerg Ground Armor Level 2  
  103  7:13  Overlord  
  103  7:22  Unknown, Zerg Melee Weapons Level 2  
  103  7:23  Zergling x18  
  103  7:28  Infestation Pit  
  103  7:29  Overseer, Unknown, Baneling  
  111  7:30  Baneling, Overlord  
  111  7:31  Overlord  
  111  7:33  Zergling x16  
  119  7:38  Drone x2  
  119  7:44  Drone x5  
  118  7:47  Baneling  
  118  7:48  Baneling x7  
  120  7:53  Zergling x6  
  120  7:54  Extractor  
  120  7:57  Zergling x4  
  124  8:02  Zergling x4  
  126  8:09  Zergling x14  
  133  8:12  Baneling  
  133  8:13  Baneling  
  133  8:19  Hive  
  133  8:24  Zergling x14  
  133  8:25  Zergling x14  
  138  8:28  Overseer  
  138  8:34  Zergling x8  
  138  8:37  Queen  
  138  8:40  Drone x3  
  138  8:41  Zergling x8  
  146  8:59  Queen  
  146  9:01  Zergling x22  
  155  9:11  Zergling x2  
  143  9:19  Zergling x26  
  143  9:23  Zergling x4  
  136  9:37  Ultralisk Cavern  
Tags
 
Add a new tag
Caveats
  • Supply blocks, unpowered buildings, or Contaminate may cause inaccurate times.
  • Supply counts are checked every 10 seconds.